 Dungeon Crawl Stone Soup version 0.22-a0-299-g43f9854 (webtiles) character file.

38 sankara the Firebug (level 3, -5/24 HPs)
             Began as a Demonspawn Fire Elementalist on Mar 25, 2018.
             Slain by a centaur (10 damage)
             ... on level 2 of the Dungeon.
             The game lasted 00:04:03 (921 turns).

sankara the Firebug (Demonspawn Fire Elementalist)   Turns: 921, Time: 00:04:04

Health: -5/24      AC:  2    Str:  8    XL:     3   Next: 25%
Magic:  0/6        EV: 12    Int: 17    God:
Gold:   14         SH:  0    Dex: 13    Spells: 6/7 levels left

rFire    . . .     SeeInvis .   a - +0 dagger
rCold    . . .     Gourm    .   (no shield)
rNeg     . . .     Faith    .   h - +0 robe
rPois    .         Spirit   .   (no helmet)
rElec    .         Reflect  .   (no cloak)
rCorr    .         Harm     .   (no gloves)
MR       .....                  (no boots)
Stlth    ++........             (no amulet)
HPRegen  0.08/turn              g - ring of flight {+Fly, !d}
MPRegen  0.10/turn              (no ring)

@: no status effects
A: claws 1
a: Evoke Flight


You were on level 2 of the Dungeon.
You were not hungry.

You visited 1 branch of the dungeon, and saw 2 of its levels.

You collected 14 gold pieces.

Inventory:

Hand Weapons
 a - a +0 dagger (weapon)
   (You took it off a goblin on level 1 of the Dungeon)
 b - a +0 whip
   (You took it off a gnoll on level 1 of the Dungeon)
Missiles
 f - 22 stones (quivered)
 i - 21 sling bullets
Armour
 h - a +0 robe (worn)
Jewellery
 g - a ring of flight (left claw) {+Fly, !d}
   (You found it on level 1 of the Dungeon)
Scrolls
 e - a scroll of teleportation {unknown}
 k - a scroll of immolation {unknown}
Potions
 d - a potion of lignification {unknown}
 j - a potion of curing {unknown}
 l - a potion of heal wounds {unknown}
 m - a potion of agility {unknown}
Comestibles
 c - 2 rations
 n - a chunk of flesh {@w0}


   Skills:
 - Level 1.7 Dodging
 - Level 1.7 Stealth
 + Level 2.5 Spellcasting
 + Level 2.0 Conjurations
 + Level 3.1 Fire Magic


You had 6 spell levels left.
You knew the following spells:

 Your Spells              Type           Power        Failure   Level  Hunger
a - Flame Tongue          Conj/Fire      ##...        6%          1    #......


Dungeon Overview and Level Annotations

Branches:
Dungeon (1/15)

Altars:


Innate Abilities, Weirdness & Mutations

You have sharp fingernails.


Message History

A goblin and a centaur come into view.
Found a stone staircase leading down.
There is an open door here.
c - 2 rations (gained 1)
There is an open door here.
You hit the goblin.
The goblin is heavily wounded.
The goblin misses you.
Casting: Flame Tongue (safe; 6% risk of failure)
Confirm with . or Enter, or press ? or * to list all spells.
Aiming: Flame Tongue (safe; 6% risk of failure)
Press: ? - help, Shift-Dir - straight line, f - goblin
Aim: a goblin, wielding a dagger (heavily wounded)
The flame tongue hits the goblin.
You kill the goblin!
You see here a dagger.
The goblin is too close now for your liking.
A goblin is nearby!
Casting: Flame Tongue (safe; 6% risk of failure)
Confirm with . or Enter, or press ? or * to list all spells.
Aiming: Flame Tongue (safe; 6% risk of failure)
Press: ? - help, Shift-Dir - straight line, f - goblin
Aim: a goblin, wielding a club The flame tongue hits the goblin.
The goblin is moderately wounded.
Casting: Flame Tongue (safe; 6% risk of failure)
Confirm with . or Enter, or press ? or * to list all spells.
Aiming: Flame Tongue (safe; 6% risk of failure)
Press: ? - help, Shift-Dir - straight line, f/p - goblin
Aim: a goblin, wielding a club (moderately wounded)
The flame tongue hits the goblin.
You kill the goblin!
Your Conjurations skill increases to level 2!
You start resting.
Magic restored.
You see here a club.
The centaur is too close now for your liking.
The centaur wields a shortbow.
The centaur shoots an arrow.
The arrow misses you.
Casting: Flame Tongue (safe; 6% risk of failure)
Confirm with . or Enter, or press ? or * to list all spells.
Aiming: Flame Tongue (safe; 6% risk of failure)
Press: ? - help, Shift-Dir - straight line, f - centaur
Aim: a centaur, wielding a shortbow The flame tongue hits the centaur.
The centaur is moderately wounded.
The centaur shoots an arrow.
The arrow closely misses you.
Casting: Flame Tongue (safe; 6% risk of failure)
Confirm with . or Enter, or press ? or * to list all spells.
Aiming: Flame Tongue (safe; 6% risk of failure)
Press: ? - help, Shift-Dir - straight line, f/p - centaur
Aim: a centaur, wielding a shortbow (moderately wounded)
Okay, then.
The centaur unwields an uncursed shortbow.
The centaur closely misses you. The centaur hits you.
Casting: Flame Tongue (safe; 6% risk of failure)
Confirm with . or Enter, or press ? or * to list all spells.
Aiming: Flame Tongue (safe; 6% risk of failure)
Press: ? - help, Shift-Dir - straight line, f/p - centaur
Aim: a centaur (moderately wounded)
The flame tongue hits the centaur.
The centaur is heavily wounded.
The centaur misses you.
Casting: Flame Tongue (safe; 6% risk of failure)
Confirm with . or Enter, or press ? or * to list all spells.
Aiming: Flame Tongue (safe; 6% risk of failure)
Press: ? - help, Shift-Dir - straight line, f/p - centaur
Aim: a centaur (heavily wounded)
The flame tongue hits the centaur.
The centaur is heavily wounded.
The centaur barely misses you. The centaur closely misses you.
Casting: Flame Tongue (safe; 6% risk of failure)
Confirm with . or Enter, or press ? or * to list all spells.
Aiming: Flame Tongue (safe; 6% risk of failure)
Press: ? - help, Shift-Dir - straight line, f/p - centaur
Aim: a centaur (heavily wounded)
The flame tongue misses the centaur.
The centaur barely misses you.
Casting: Flame Tongue (safe; 6% risk of failure)
Confirm with . or Enter, or press ? or * to list all spells.
Aiming: Flame Tongue (safe; 6% risk of failure)
Press: ? - help, Shift-Dir - straight line, f/p - centaur
Aim: a centaur (heavily wounded)
The flame tongue misses the centaur.
The centaur hits you. x2
Casting: Flame Tongue (safe; 6% risk of failure)
Confirm with . or Enter, or press ? or * to list all spells.
Aiming: Flame Tongue (safe; 6% risk of failure)
Press: ? - help, Shift-Dir - straight line, f/p - centaur
Aim: a centaur (heavily wounded)
The flame tongue hits the centaur.
The centaur is almost dead.
The centaur hits you!
* * * LOW HITPOINT WARNING * * *
You hit the centaur but do no damage.
The centaur is almost dead.
The centaur barely misses you.
The centaur hits you but does no damage.
You completely miss the centaur.
The centaur is almost dead.
The centaur hits you!
You die...

#.#####.........##
#..........P....#
#(#####.)####...#
#.# #..#..#P..##
#(# #..'.[#.....
#.#####..####...##
#.>.............##
#..###............
#@.# #............
#c.# #.#####.##.#.
....... ......#.
##$.....
.....####.
##.###......## #.
.# ####. ## .# .#


You could see a centaur.

Vanquished Creatures
  A gnoll (D:1)
  A dart slug (D:1)
  3 leopard geckos (D:1)
  3 goblins
  2 hobgoblins (D:1)
  3 jackals (D:1)
  3 kobolds
  2 bats (D:1)
  2 frilled lizards
  3 rats (D:1)
23 creatures vanquished.

Notes
Turn   | Place    | Note
-------+----------+-------------------------------------------
     0 | D:1      | sankara the Demonspawn Fire Elementalist began the quest for the Orb.
     0 | D:1      | Reached XP level 1. HP: 13/13 MP: 3/3
   188 | D:1      | Gained mutation: You have sharp fingernails. [demonic ancestry]
   188 | D:1      | Reached XP level 2. HP: 19/19 MP: 3/5
   263 | D:1      | HP: 4/19 [gnoll/whip (10)]
   278 | D:1      | Reached skill level 3 in Fire Magic
   629 | D:1      | Reached XP level 3. HP: 19/24 MP: 0/6
   759 | D:1      | You fall through a shaft!
   851 | D:2      | Noticed a centaur
   889 | D:2      | Reached skill level 2 in Conjurations
   919 | D:2      | HP: 5/24 [centaur (8)]
   921 | D:2      | Slain by a centaur

Vault maps used:
D:1:      saegor_arrival_simple_d
D:2:      corexii_shack

Skill      XL: |  1  2  3 |
---------------+----------+-----
Fire Magic     | 3 |  3.1
Conjurations   | 2 |  2.0
Dodging        | |  1.7
Stealth        | |  1.7
Spellcasting   | |  2.5

Action                   || total
-------------------------++-------
Melee: Unarmed           ||     2
       Dagger            ||     8
 Cast: Flame Tongue      ||    39
Armor: Robe              ||     2
Dodge: Dodged            ||    16

Table legend:
 A = Spawn XP
 B = Non-spawn XP
 C = Spawn XP percentage of total XP
 D = Spawn monster count
 E = Non-spawn monster count
 F = Spawn count percentage of total count
 G = Total turns spent on level
                    A         B        C        D         E        F      G
               +---------+---------+-------+---------+---------+-------+---------
         Total |       0 |      55 |   0.0 |       0 |      23 |   0.0 |   921
               +---------+---------+-------+---------+---------+-------+---------
           D:1 |       0 |      49 |   0.0 |       0 |      19 |   0.0 |   759
           D:2 |       0 |       6 |   0.0 |       0 |       4 |   0.0 |   162
               +---------+---------+-------+---------+---------+-------+---------

Vault maps used:
D:1:      saegor_arrival_simple_d
D:2:      corexii_shack

Table legend:
 A = Turns spent in this place as a percentage of turns spent in the entire game.
 B = Non-inter-level travel turns spent in this place as a percentage of non-inter-level travel turns spent in the entire game.
 C = Inter-level travel turns spent in this place as a percentage of turns spent in this place.
 D = Turns resting spent in this place as a percentage of non-inter-level travel turns spent in this place.
 E = Turns spent auto-exploring this place as a percentage of non-inter-level travel turns spent in this place.
 F = Non-inter-level travel turns spent in this place divided by the number of levels of this place that you've seen.
                   A       B       C       D       E      F
               +-------+-------+-------+-------+-------+----------------------
         Total | 100.0 | 100.0 |   0.0 |  46.8 |  27.1 | 460.5
       Dungeon | 100.0 | 100.0 |   0.0 |  46.8 |  27.1 | 460.5
               +-------+-------+-------+-------+-------+----------------------

Table legend:
 A = Kills in this place as a percentage of kills in entire the game.
 B = Kills by you in this place as a percentage of kills by you in the entire game.
 C = Kills by friends in this place as a percentage of kills by friends in the entire game.
 D = Other kills in this place as a percentage of other kills in the entire game.
 E = Experience gained in this place as a percentage of experience gained in the entire game.
 F = Experience gained in this place divided by the number of levels of this place that you have seen.
                   A       B       C       D       E      F
               +-------+-------+-------+-------+-------+----------------------
         Total | 100.0 | 100.0 |   N/A |   N/A | 100.0 |  27.5
       Dungeon | 100.0 | 100.0 |   N/A |   N/A | 100.0 |  27.5
               +-------+-------+-------+-------+-------+----------------------
